 Dungeon Crawl Stone Soup version 0.30-a0-1008-g30c9307041 (webtiles) character file.

Game seed: 181958584570295485

5537 arthad the Cleaver (level 10, 0/123 HPs)
             Began as a Gnoll Cinder Acolyte on Apr 5, 2023.
             Was an Initiate of Makhleb.
             Killed from afar by a tengu conjurer (31 damage)
             ... with a bolt of lightning
             ... in a Gauntlet on Apr 6, 2023.
             The game lasted 00:30:51 (10331 turns).

arthad the Cleaver (Gnoll Cinder Acolyte)          Turns: 10331, Time: 00:30:52

Health: 0/123      AC:  9    Str: 13    XL:     10   Next: 71%
Magic:  18/19      EV: 13    Int: 18    God:    Makhleb [......]
Gold:   395        SH:  0    Dex:  8    Spells: 5/21 levels left

rFire   . . .      SeeInvis .    O - +2 glaive (venom)
rCold   . . .      Faith    .    (shield currently unavailable)
rNeg    . . .      Spirit   .    b - +0 robe
rPois   .          Reflect  .    M - +0 hat
rElec   .          Rampage  .    E - +0 cloak
rCorr   +          NoTele   +    (no gloves)
Will    .....                    o - +0 pair of boots Stlth
                                 t - amulet of the acrobat
HPRegen 0.40/turn                B - +4 ring of protection
MPRegen 0.16/turn                F - ring of resist corrosion

@: mighty, berserking (expiring), fire susceptible, very quick
A: fangs 1, strong nose, distributed training
a: Renounce Religion


You were in a Gauntlet.
You worshipped Makhleb.
Makhleb was noncommittal.
You visited 2 branches of the dungeon, and saw 13 of its levels.
You also visited: Gauntlet.

You collected 395 gold pieces.

Inventory:

Hand Weapons
 a - a -1 hand axe of flaming
 u - a +2 shortbow of freezing
 x - a +0 mace of holy wrath
 K - a +2 flail of protection
 O - a +2 glaive of venom (weapon)
Missiles
 h - 6 boomerangs of dispersal
 v - a throwing net
 I - 19 poisoned darts
Armour
 b - a +0 robe (worn)
 o - a +0 pair of boots (worn)
 E - a +0 cloak (worn)
 M - a +0 hat (worn)
Magical Staves
 y - a staff of cold
Jewellery
 t - an amulet of the acrobat (around neck)
 B - a +4 ring of protection (left hand)
 F - a ring of resist corrosion (right hand)
Wands
 w - a wand of iceblast (8)
 G - a wand of paralysis (6)
Scrolls
 d - 2 scrolls of immolation {unknown}
 g - 4 scrolls of noise
 i - 5 scrolls of enchant armour {unknown}
 m - 2 scrolls of fog {unknown}
 n - 5 scrolls of teleportation
 p - 2 scrolls of blinking
 s - a scroll of silence {unknown}
 C - a scroll of brand weapon {unknown}
 D - a scroll of vulnerability {unknown}
Potions
 c - 4 potions of curing
 e - 3 potions of attraction
 f - a potion of degeneration
 j - 3 potions of might
 k - a potion of lignification
 l - 3 potions of brilliance
 r - 2 potions of flight
 z - a potion of berserk rage
 A - 3 potions of haste
 L - a potion of ambrosia
Miscellaneous
 N - a box of beasts


   Skills:
 + Level 8.8 Fighting
 + Level 5.7 Short Blades
 + Level 5.7 Long Blades
 + Level 8.8 Axes
 + Level 5.7 Maces & Flails
 + Level 5.7 Polearms
 + Level 5.7 Staves
 + Level 5.7 Ranged Weapons
 + Level 5.7 Throwing
 + Level 5.7 Armour
 + Level 5.7 Dodging
 + Level 5.7 Stealth
 + Level 5.7 Shields
 + Level 5.7 Unarmed Combat
 + Level 6.4 Spellcasting
 + Level 4.7 Conjurations
 + Level 4.7 Hexes
 + Level 4.7 Summonings
 + Level 4.7 Necromancy
 + Level 4.7 Translocations
 + Level 4.7 Transmutations
 + Level 7.3 Fire Magic
 + Level 4.7 Ice Magic
 + Level 4.7 Air Magic
 + Level 4.7 Earth Magic
 + Level 4.7 Poison Magic
 + Level 6.3 Invocations
 + Level 5.7 Evocations


You had 5 spell levels left.
You knew the following spells:

 Your Spells              Type           Power      Damage    Failure   Level
a - Scorch                Fire           64%        2d8       1%          2
b - Gell's Gravitas       Tloc           23%        N/A       4%          3
c - Teleport Other        Tloc           23%        N/A       4%          3
d - Dispel Undead         Necr           23%        3d12      16%         4
e - Petrify               Tmut/Erth      23%        N/A       16%         4

Your spell library contained the following spells:

 Spells                   Type           Power      Damage    Failure   Level
 Kiss of Death            Conj/Necr      92%        2d12      1%          1
 Sublimation of Blood     Necr           23%        N/A       2%          2
 Confusing Touch          Hex            23%        N/A       4%          3
 Irradiate                Conj/Tmut      11%        3d15      41%         5
 Dispersal                Tloc           11%        N/A       94%         6


Dungeon Overview and Level Annotations

Branches:
Dungeon (13/15)            Temple (1/1) D:6         Gauntlet (1/1)
   Lair: D:8-11         Orc: D:9-12      Vaults: D:13-14

Altars:
Ashenzari
Cheibriados
Dithmenos
Elyvilon
Fedhas
Gozag
Hepliaklqana
Kikubaaqudgha
Makhleb
Nemelex Xobeh
Okawaru
Qazlal
Ru
Sif Muna
Trog
Uskayaw
Vehumet
Wu Jian
Xom
Yredelemnul
Zin
The Shining One

Annotations:
D:4 3 runed translucent doors, Juicyj's ghost, amateur MiGl Gauntlet 15 runed translucent doors, 9 transporters


Innate Abilities, Weirdness & Mutations

You have very sharp teeth.
Your uncanny sense of smell can sniff out nearby items.
Your experience applies equally to all skills.


Message History

The tengu warrior looks as sick as possible!
Your bite misses the tengu warrior.
The tengu warrior is moderately wounded.
The tengu warrior barely misses you. The tengu warrior pecks you.
The tengu warrior claws you but does no damage.
The tengu conjurer hits you but does no damage.
The tengu conjurer pecks you but does no damage.
The tengu conjurer barely misses you.
The battlesphere fails to trigger a net trap.
You slash the tengu warrior!
The tengu warrior looks as sick as possible!
The tengu warrior is heavily wounded.
The tengu conjurer hits you but does no damage.
The tengu conjurer pecks you but does no damage.
The tengu conjurer barely misses you.
You miss the tengu warrior. Your bite misses the tengu warrior.
The tengu warrior is heavily wounded.
The tengu warrior closely misses you.
The tengu warrior completely misses you. x2
The tengu conjurer barely misses you. The tengu conjurer closely misses you.
The tengu conjurer claws you.
You completely miss the tengu warrior.
The tengu warrior is heavily wounded.
The tengu warrior closely misses you. x2; The tengu warrior misses you.
The tengu conjurer barely misses you.
The tengu conjurer pecks you but does no damage.
The tengu conjurer claws you.
You barely miss the tengu warrior.
The tengu warrior is severely wounded.
The tengu warrior hits you with a +0 great mace!
* * * LOW HITPOINT WARNING * * *
The tengu warrior pecks you.
* * * LOW HITPOINT WARNING * * *
The tengu warrior closely misses you.
You hit the tengu warrior.
The tengu warrior looks as sick as possible!
The tengu warrior is severely wounded.
The tengu conjurer gestures at you while chanting.
The bolt of lightning hits you!!
You die...

#..##..##..#..[[©....#..≈#
##..©..##..###########..##
##..##..#......#©#......≈#
#.##..#.#......#©#......##
#w.?©w#.#..###########..≈#
#########..#..^.^.^..#..##
...#©#.....#.#Q#^#.#.#..≈#
...#©#.....#..#Q#Q#..#..##
#########..#.#.#@#.#^#..≈#
###...###..#..#.©.#..#..##
###...###..#.#.#.#.#.#..§#
#..+##..#..#..#^#^#..#..##
#..#©#..#..#.#.#.#.#.#..≈#
#Q.##+.Q#..#.^?.©?...#..##
###.!)###..###########..§#
####Q####......#©#......##
#########......#©#......§#


You could see a tengu warrior (extremely poisoned) and 2 tengu conjurers.

Vanquished Creatures
  Gastronok (D:8)
  A manticore (D:13)
  A komodo dragon (D:7)
  2 centaur simulacra (Gauntlet)
  A wyvern (D:9)
  A steam dragon (D:8)
  4 yaks (D:8)
  3 vampire mosquitoes (D:9)
  3 water moccasins (D:8)
  2 orc warriors
  An ice beast (D:7)
  A sky beast (D:7)
  A black bear (D:7)
  A centaur (D:3)
  3 ogres
  A kobold brigand (D:7)
  4 bullfrogs
  3 scorpions
  A howler monkey (D:4)
  A wyvern simulacrum (Gauntlet)
  2 hounds
  A gnoll bouda (D:6)
  2 jellies (D:6)
  5 iguanas
  A boggart simulacrum (Gauntlet)
  14 gnolls
  5 adders
  A shadow imp (D:7)
  An ufetubus (D:5)
  3 worms
  2 dart slugs
  8 orcs
  7 endoplasms
  3 giant cockroaches
  11 goblins
  10 hobgoblins
  11 jackals
  5 quokkas
  9 ball pythons
  3 bats (D:2)
  7 frilled lizards
  27 kobolds
  9 rats
  A spectral hobgoblin (D:2)
184 creatures vanquished.

Vanquished Creatures (collateral kills)
  3 foxfires (D:7)
3 creatures vanquished.

Vanquished Creatures (others)
  48 foxfires
  32 plants
80 creatures vanquished.

Grand Total: 267 creatures vanquished

Notes
Turn   | Place    | Note
-------+----------+-------------------------------------------
     0 | D:1      | arthad the Gnoll Cinder Acolyte began the quest for the
                  | Orb.
     0 | D:1      | Reached XP level 1. HP: 23/23 MP: 4/4
    71 | D:1      | Reached XP level 2. HP: 29/29 MP: 5/5
   618 | D:1      | Reached XP level 3. HP: 35/35 MP: 7/7
   842 | D:1      | Reached skill level 1 in Invocations
  1118 | D:2      | Reached skill level 1 in Short Blades
  1118 | D:2      | Reached skill level 1 in Long Blades
  1118 | D:2      | Reached skill level 1 in Maces & Flails
  1118 | D:2      | Reached skill level 1 in Polearms
  1118 | D:2      | Reached skill level 1 in Staves
  1118 | D:2      | Reached skill level 1 in Ranged Weapons
  1118 | D:2      | Reached skill level 1 in Throwing
  1118 | D:2      | Reached skill level 1 in Armour
  1118 | D:2      | Reached skill level 1 in Dodging
  1118 | D:2      | Reached skill level 1 in Stealth
  1118 | D:2      | Reached skill level 1 in Shields
  1118 | D:2      | Reached skill level 1 in Unarmed Combat
  1118 | D:2      | Reached skill level 1 in Evocations
  1323 | D:2      | Reached XP level 4. HP: 41/41 MP: 8/8
  1333 | D:2      | Found a faded altar of an unknown god.
  1828 | D:3      | Reached skill level 1 in Conjurations
  1828 | D:3      | Reached skill level 1 in Hexes
  1828 | D:3      | Reached skill level 1 in Summonings
  1828 | D:3      | Reached skill level 1 in Necromancy
  1828 | D:3      | Reached skill level 1 in Translocations
  1828 | D:3      | Reached skill level 1 in Transmutations
  1828 | D:3      | Reached skill level 1 in Ice Magic
  1828 | D:3      | Reached skill level 1 in Air Magic
  1828 | D:3      | Reached skill level 1 in Earth Magic
  1828 | D:3      | Reached skill level 1 in Poison Magic
  1911 | D:3      | Noticed a centaur
  1927 | D:3      | Killed a centaur
  1928 | D:3      | Reached XP level 5. HP: 24/47 MP: 9/9
  2823 | D:4      | Reached XP level 6. HP: 44/53 MP: 9/11
  2861 | D:4      | Found a runed translucent gate.
  2861 | D:4      | Found a runed translucent gate.
  2861 | D:4      | Found a runed translucent gate.
  2862 | D:4      | Noticed Juicyj's ghost (amateur MiGl)
  3653 | D:5      | Entered Level 5 of the Dungeon
  3876 | D:5      | Learned a level 2 spell: Scorch
  3934 | D:5      | Reached XP level 7. HP: 27/60 MP: 5/12
  4553 | D:5      | Found a white marble altar of Elyvilon.
  4553 | D:5      | Found a shadowy altar of Dithmenos.
  5464 | D:6      | Reached XP level 8. HP: 67/67 MP: 9/14
  5574 | D:6      | Found a staircase to the Ecumenical Temple.
  6312 | D:6      | Upgraded the game from 0.30-a0-996-ga6910c8ee8 to
                  | 0.30-a0-1008-g30c9307041
  6846 | D:7      | Noticed a komodo dragon
  6861 | D:7      | Killed a komodo dragon
  7011 | D:7      | Reached XP level 9. HP: 41/73 MP: 1/16
  7144 | D:7      | Reached skill level 5 in Spellcasting
  7823 | D:8      | Reached skill level 5 in Invocations
  8594 | D:8      | Noticed Gastronok
  8632 | D:8      | Killed Gastronok
  8633 | D:8      | Reached skill level 5 in Short Blades
  8633 | D:8      | Reached skill level 5 in Long Blades
  8633 | D:8      | Reached skill level 5 in Maces & Flails
  8633 | D:8      | Reached skill level 5 in Polearms
  8633 | D:8      | Reached skill level 5 in Staves
  8633 | D:8      | Reached skill level 5 in Ranged Weapons
  8633 | D:8      | Reached skill level 5 in Throwing
  8633 | D:8      | Reached skill level 5 in Armour
  8633 | D:8      | Reached skill level 5 in Dodging
  8633 | D:8      | Reached skill level 5 in Stealth
  8633 | D:8      | Reached skill level 5 in Shields
  8633 | D:8      | Reached skill level 5 in Unarmed Combat
  8633 | D:8      | Reached skill level 5 in Evocations
  8633 | D:8      | Reached XP level 10. HP: 59/82 MP: 3/19
  9058 | D:9      | Noticed a two-headed ogre
  9136 | Temple   | Entered the Ecumenical Temple
  9465 | Temple   | Fell from the grace of Ignis
  9465 | Temple   | Became a worshipper of Makhleb the Destroyer
  9572 | D:9      | You fall into a shaft and drop 2 floors!
  9629 | D:11     | Noticed a manticore
  9641 | D:11     | You fall into a shaft and drop 2 floors!
  9647 | D:12     | Noticed a cyclops
  9652 | D:13     | Noticed a manticore
  9672 | D:13     | Killed a manticore
  9875 | D:12     | Noticed a two-headed ogre
  9880 | D:12     | Found a gate leading to a gauntlet.
  9891 | Gauntlet | Entered a Gauntlet
  9891 | Gauntlet | Found a large runed translucent door.
  9891 | Gauntlet | Found a large runed translucent door.
  9891 | Gauntlet | Found a large runed translucent door.
  9891 | Gauntlet | Found a large runed translucent door.
  9891 | Gauntlet | Found a transporter.
  9891 | Gauntlet | Found a runed translucent door.
  9891 | Gauntlet | Found a large runed translucent door.
  9891 | Gauntlet | Found a large runed translucent door.
  9891 | Gauntlet | Found a large runed translucent door.
  9891 | Gauntlet | Found a large runed translucent door.
  9891 | Gauntlet | Found a runed translucent gate.
  9891 | Gauntlet | Found a runed translucent gate.
  9891 | Gauntlet | Found a transporter.
  9891 | Gauntlet | Found a transporter.
  9892 | Gauntlet | Found a transporter.
  9893 | Gauntlet | Found a transporter.
  9896 | Gauntlet | Found a transporter.
  9897 | Gauntlet | Noticed a tengu warrior
  9898 | Gauntlet | Noticed a tengu warrior
  9900 | Gauntlet | Found a runed translucent door.
  9902 | Gauntlet | Found a runed translucent door.
  9903 | Gauntlet | Found a transporter.
  9904 | Gauntlet | Found a transporter.
  9905 | Gauntlet | Found a transporter.
  9907 | Gauntlet | Found a transporter.
  9915 | Gauntlet | Found a transporter.
  9916 | Gauntlet | Found a transporter.
  9918 | Gauntlet | Noticed a quicksilver ooze
  9959 | Gauntlet | Found a runed translucent gate.
  9960 | Gauntlet | Found a large runed translucent door.
  9960 | Gauntlet | Found a large runed translucent door.
  9961 | Gauntlet | Found a large runed translucent door.
  9962 | Gauntlet | Found a large runed translucent door.
  9963 | Gauntlet | Found a large runed translucent door.
  9963 | Gauntlet | Found a large runed translucent door.
  9963 | Gauntlet | Found a runed translucent door.
  9964 | Gauntlet | Found a large runed translucent door.
  9965 | Gauntlet | Found a large runed translucent door.
 10154 | Gauntlet | Learned a level 3 spell: Gell's Gravitas
 10158 | Gauntlet | Learned a level 3 spell: Teleport Other
 10163 | Gauntlet | Learned a level 4 spell: Dispel Undead
 10168 | Gauntlet | Learned a level 4 spell: Petrify
 10331 | Gauntlet | Killed from afar by a tengu conjurer

Illustrated notes

Levels and vault maps discovered:
D:1:      psy_arrival_dodecagon, layout_loops_corners
D:2:      kennysheep_six_static_rooms, layout_basic,
          dreamdust_ecumenical_altar_drowned_temple
D:3:      layout_loops_ring, glass_columns_a, nicolae_eternal_life
D:4:      layout_basic, gammafunk_ghost_necromancy
D:5:      layout_basic, gammafunk_temple_overflow_pools
D:6:      layout_basic, minmay_temple_entry_mini_moons
D:7:      kennysheep_kobold_camp, layout_loops_ring,
          chequers_serial_rivers_micro_c, minmay_lizard_king
D:8:      layout_loops_ring, uniq_gastronok
D:9:      layout_long_grid
D:11:     minmay_ice_pillars, layout_small_grid, lair_entry_dummy,
          david_orc_1_choice, minmay_pinched_square, uniq_josephine
D:12:     layout_basic, gauntlet_entry_generic
D:13:     layout_loops_ring
Temple:   nicolae_temple_bog_church
Gauntlet: minmay_gauntlet_mixed_big_or_small
          [minmay_gauntlet_arena_make_your_own_arena,
          minmay_gauntlet_arena_77_squiggly, gammafunk_gauntlet_arena_grid,
          minmay_gauntlet_arena_77_cramped, nicolae_gauntlet_arena_blocks,
          minmay_gauntlet_arena_77_two_paths, gauntlet_exit_watery]

Skill      XL: |  1  2  3  4  5  6  7  8  9 10 |
---------------+-------------------------------+-----
Invocations    | 1 2 3 4 5 6 |  6.3
Short Blades   | 1 2 3 4 5 |  5.7
Long Blades    | 1 2 3 4 5 |  5.7
Maces & Flails | 1 2 3 4 5 |  5.7
Polearms       | 1 2 3 4 5 |  5.7
Staves         | 1 2 3 4 5 |  5.7
Ranged Weapons | 1 2 3 4 5 |  5.7
Throwing       | 1 2 3 4 5 |  5.7
Armour         | 1 2 3 4 5 |  5.7
Dodging        | 1 2 3 4 5 |  5.7
Stealth        | 1 2 3 4 5 |  5.7
Shields        | 1 2 3 4 5 |  5.7
Unarmed Combat | 1 2 3 4 5 |  5.7
Evocations     | 1 2 3 4 5 |  5.7
Spellcasting   | 3 4 6 |  6.4
Conjurations   | 1 2 3 4 |  4.7
Hexes          | 1 2 3 4 |  4.7
Summonings     | 1 2 3 4 |  4.7
Necromancy     | 1 2 3 4 |  4.7
Translocations | 1 2 3 4 |  4.7
Transmutations | 1 2 3 4 |  4.7
Ice Magic      | 1 2 3 4 |  4.7
Air Magic      | 1 2 3 4 |  4.7
Earth Magic    | 1 2 3 4 |  4.7
Poison Magic   | 1 2 3 4 |  4.7
Fighting       | 7 8 |  8.8
Axes           | 7 8 |  8.8
Fire Magic     | 6 7 |  7.3

Action                     |  1- 3 |  4- 6 |  7- 9 | 10-12 || total
---------------------------+-------+-------+-------+-------++-------
  Melee: Hand axe          |   108 |   182 |   129 |    16 ||   435
         Bite              |     8 |     8 |    17 |     9 ||    42
         Punch             |     2 |     6 |     3 |     2 ||    13
         Flail             |       |       |       |    29 ||    29
         Glaive            |       |       |       |    13 ||    13
   Fire: Shortbow          |       |       |       |     4 ||     4
   Cast: Scorch            |       |     3 |   124 |    11 ||   138
         Dispel Undead     |       |       |       |     4 ||     4
         Gell's Gravitas   |       |       |       |     1 ||     1
 Invoke: Fiery Armour      |       |     2 |     3 |     1 ||     6
         Foxfire Swarm     |       |       |     5 |       ||     5
  Evoke: Wand              |       |       |     2 |       ||     2
    Use: Scroll            |       |       |     1 |    16 ||    17
         Potion            |       |       |       |     5 ||     5
   Stab: Sleeping          |       |     2 |       |       ||     2
 Armour: Robe              |    11 |    32 |    54 |    36 ||   133
         Skin              |       |       |       |    36 ||    36
  Dodge: Dodged            |    65 |   110 |    86 |   102 ||   363

Table legend: (Time is in decaauts)
 A = Elapsed time spent in this place.
 B = Non-inter-level travel time spent in this place.
 C = Inter-level travel time spent in this place.
 D = Time resting spent in this place.
 E = Time spent auto-exploring this place.
 F = Levels seen in this place.
 G = Mean time per level.
                   A        B        C        D        E       F      G
               +--------+--------+--------+--------+--------+-----+--------+
         Total |  10385 |  10001 |    384 |    466 |   7887 |  14 |  741.8 |
       Dungeon |   9602 |   9239 |    363 |    353 |   7463 |  12 |  800.2 |
        Temple |    340 |    320 |     20 |      0 |    301 |   1 |  340.0 |
      Gauntlet |    441 |    441 |      0 |    113 |    122 |   1 |  441.0 |
               +--------+--------+--------+--------+--------+-----+--------+

Top non-repeatable levels by time:
     D:6: 1477 daAuts
     D:7: 1399 daAuts
     D:5: 1271 daAuts
     D:8: 1243 daAuts
     D:1: 1049 daAuts
     D:4: 966 daAuts
     D:3: 867 daAuts
     D:2: 762 daAuts
Gauntlet: 441 daAuts
  Temple: 340 daAuts
     D:9: 235 daAuts
    D:13: 222 daAuts
    D:11: 76 daAuts
    D:12: 29 daAuts
